 Dungeon Crawl Stone Soup version 0.18.1-48-g4cf74bf (webtiles) character file.

92 Inchmeat the Conjurer (level 4, -1/33 HPs)
             Began as a Demigod Conjurer on July 14, 2016.
             Slain by a hound (4 damage)
             ... on level 2 of the Dungeon.
             The game lasted 00:04:32 (2047 turns).

Inchmeat the Conjurer (Demigod Conjurer)            Turns: 2047, Time: 00:04:35

Health: -1/33      AC:  2    Str: 12 (13) XL:     4   Next: 13%
Magic:  1/10       EV: 12    Int: 18 (19) God:
Gold:   99         SH:  0    Dex: 15 (16) Spells: 2 memorised, 4 levels left

rFire  + . .     SeeInvis .     k - +0 dagger
rCold  + . .     Gourm    .     a - +0 robe
rNeg   . . .     Faith    .     (no shield)
rPois  +         Spirit   .     (no helmet)
rElec  +         Dismiss  .     (no cloak)
rCorr  +         Reflect  .     (no gloves)
SustAt +         Harm     .     (no boots)
MR     .....                    (no amulet)
Stlth  ++........               (no ring)
                                (no ring)

@: resistant, not resistant to hostile enchantments, unstealthy
A: high mp 1, sustain attributes
a: no special abilities


You were on level 2 of the Dungeon.
You were hungry.

You visited 1 branch of the dungeon, and saw 2 of its levels.

You collected 99 gold pieces.

Inventory:

Hand Weapons
 k - a +0 dagger (weapon)
Armour
 a - a +0 robe (worn)
Scrolls
 e - a scroll of identify {unknown}
 f - 3 scrolls of teleportation {unknown}
 h - a scroll of remove curse {unknown}
 j - a scroll of magic mapping {unknown}
Books
 b - a book of Conjurations

   Spells                             Type                      Level
   a - Magic Dart                     Conjuration                  1
   b - Searing Ray                    Conjuration                  2
   c - Dazzling Spray                 Conjuration/Hexes            3
   d - Fulminant Prism                Conjuration/Hexes            4
   e - Iskenderun's Mystic Blast      Conjuration                  4
   f - Iskenderun's Battlesphere      Conjuration/Charms           5
Comestibles
 c - 2 bread rations
 i - a meat ration
 m - a slice of pizza


   Skills:
 + Level 2.1 Dodging
 + Level 2.3 Stealth
 + Level 2.4 Spellcasting
 + Level 4.5 Conjurations


You had 4 spell levels left.
You knew the following spells:

 Your Spells              Type           Power        Failure   Level  Hunger
a - Magic Dart            Conj           ###.         2%          1    #......
b - Searing Ray           Conj           ###...       4%          2    ##.....


Dungeon Overview and Level Annotations

Branches:
Dungeon (2/15)


Innate Abilities, Weirdness & Mutations

You have an increased reservoir of magic (+10% MP).
Your attributes are resistant to harm.


Message History

The hound is severely wounded.
The hound barely misses you. The hound barely misses you. The hound bites you.
* * * LOW HITPOINT WARNING * * *
The hound barely misses you. The hound bites you.
* * * LOW HITPOINT WARNING * * *
Drink which item? (? for menu, Esc to quit)
It was a potion of resistance.
You feel protected. The hound barely misses you.
Drink which item? (? for menu, Esc to quit)
It was a potion of degeneration.
There was something very wrong with that liquid.
You feel somewhat weakened.
You feel somewhat dopey.
You feel somewhat clumsy. The hound bites you.
* * * LOW HITPOINT WARNING * * *
The hound bites you.
You die...

# #.........# # #
#........## # #
#.......## # ####...##
#.#.# ..# #.#.# #.#
#.#.# #.# #.#.# ..#
#@#.### ..# #h#...#
..##############.###.#
..##.............# #.#
.....############# #.#
###.########### #.# #
#...........# #.#
###.#########.# #.#
....# #.# #.# ####


You could see a hound.

Vanquished Creatures
  A gnoll (D:2)
  2 adders (D:2)
  2 worms
  2 dart slugs (D:1)
  3 giant geckos
  4 bats
  4 giant cockroaches
  6 goblins
  7 hobgoblins
  3 jackals (D:2)
  A quokka (D:2)
  3 giant newts
  8 kobolds
  3 rats (D:1)
49 creatures vanquished.

Notes
Turn   | Place    | Note
--------------------------------------------------------------
     0 | D:1      | Inchmeat the Demigod Conjurer began the quest for the Orb.
     0 | D:1      | Reached XP level 1. HP: 14/14 MP: 5/5
   186 | D:1      | Reached skill level 4 in Conjurations
   213 | D:1      | Reached XP level 2. HP: 20/20 MP: 1/7
   988 | D:1      | Reached XP level 3. HP: 23/26 MP: 1/8
  1248 | D:2      | Learned a level 2 spell: Searing Ray
  1253 | D:2      | Found a glowing silver altar of Zin.
  1253 | D:2      | Found an ancient bone altar of Kikubaaqudgha.
  1256 | D:2      | Found a deep blue altar of Sif Muna.
  1509 | D:2      | Found a stormy altar of Qazlal.
  1866 | D:2      | Reached XP level 4. HP: 33/33 MP: 1/10
  2047 | D:2      | Slain by a hound

Skill      XL: |  1  2  3 |
---------------+----------+-----
Conjurations   | 4 |  4.5
Spellcasting   | 2 |  2.4
Stealth        | 2 |  2.3
Dodging        | 2 |  2.1

Action                   |  1- 3 |  4- 6 || total
-------------------------+-------+-------++-------
Melee: Unarmed           |     8 |       ||     8
       Dagger            |    11 |     2 ||    13
 Cast: Magic Dart        |   112 |    16 ||   128
  Use: Potion            |       |     2 ||     2
  Eat: Chunk             |     3 |     1 ||     4
Armor: Robe              |    10 |     2 ||    12
Dodge: Dodged            |    22 |    15 ||    37
